 Dungeon Crawl Stone Soup version 0.16.1-25-gbcee3f8 (webtiles) character file.

30 Z4ng3tsu the Insei (level 3, 0/28 HPs)
             Began as a Vampire Monk on May 20, 2015.
             Was a Follower of Kikubaaqudgha.
             Slain by heinrich's ghost (7 damage)
             ... on level 3 of the Dungeon.
             The game lasted 00:11:37 (1269 turns).

Z4ng3tsu the Insei (Vampire Monk)                   Turns: 1269, Time: 00:11:37

Health: 0/28       AC:  2    Str: 11    XL:     3   Next: 5%
Magic:  3/3        EV: 14    Int: 12    God:    Kikubaaqudgha [*.....]
Gold:   36         SH:  0    Dex: 16    Spells: 1 memorised, 1 level left

rFire  . . .     SeeInvis +       - Unarmed
rCold  . . .     Clarity  .     a - +0 robe
rNeg   + . .     SustAb   .     (no shield)
rPois  .         Gourm    .     (no helmet)
rElec  .         Spirit   .     (no cloak)
rCorr  .         Warding  .     (no gloves)
rMut   .         Stasis   .     (no boots)
MR     .....                    (no amulet)
Stlth  +++.......               (no ring)
                                (no ring)

@: not resistant to hostile enchantments, fairly stealthy
A: bottle blood, fangs 3, see invisible, unbreathing
a: Bat Form, Receive Corpses, Renounce Religion


You were on level 3 of the Dungeon.
You worshipped Kikubaaqudgha.
Kikubaaqudgha was aware of your devotion.
You were not thirsty.

You visited 1 branch of the dungeon, and saw 3 of its levels.

You collected 36 gold pieces.

Inventory:

Armour
 a - a +0 robe (worn)
 f - a +0 robe
Jewellery
 g - an uncursed ring of ice {unknown}
Scrolls
 d - a scroll of identify
 h - a scroll of teleportation {unknown}
Potions
 b - a potion of blood
 c - 2 potions of curing {unknown}
Books
 e - Kikubaaqudgha's Reference Book on Stolen Souls
   (Kikubaaqudgha gifted it to you on level 2 of the Dungeon)

   Spells                             Type                      Level
   a - Pain                           Necromancy                   1
   b - Corpse Rot                     Necromancy                   2
   c - Sublimation of Blood           Necromancy                   2
   d - Vampiric Draining              Necromancy                   3
   e - Control Undead                 Necromancy                   4


   Skills:
 + Level 2.7 Fighting
 + Level 3.5 Dodging
 + Level 3.2 Stealth
 + Level 5.2 Unarmed Combat


You had one spell level left.
You knew the following spells:

 Your Spells              Type           Power        Failure   Level  Hunger
a - Pain                  Necr           #...         34%         1    ##.....


Dungeon Overview and Level Annotations

Branches:
Dungeon (3/15)

Altars:
Kikubaaqudgha
Sif Muna

Annotations:
D:3 heinrich's ghost, average OpWr


Innate Abilities, Weirdness & Mutations

You can bottle blood from corpses.
You have razor-sharp teeth.
You have supernaturally acute eyesight.
You can survive without breathing.


Message History

* * * LOW HITPOINT WARNING * * *
You hit heinrich's ghost.
Heinrich's ghost is almost destroyed.
Heinrich's ghost misses you.
Heinrich's ghost's shroud bends your attack away!
Heinrich's ghost gestures wildly while chanting.
Heinrich's ghost blinks!
Heinrich's ghost mumbles some strange words.
Heinrich's ghost blinks!
Heinrich's ghost barely misses you.
You barely miss heinrich's ghost.
Heinrich's ghost is almost destroyed.
Heinrich's ghost barely misses you.
You miss heinrich's ghost. You bite heinrich's ghost.
Heinrich's ghost is almost destroyed.
Heinrich's ghost misses you.
Heinrich's ghost's shroud bends your attack away.
Heinrich's ghost hits you!
You die...
Kikubaaqudgha rasps: "You have failed me!
Welcome... oblivion!"

....###.....
....#####...#
.......##...#
.......+.... .......##..#
.......##..# .......##..#
# .
.......##..#####+#.#.....
.......'........@W.......
.......##..#######.###...
#####+###..... # #..###.#
#..# # !... +.... #g...
g..


You could see heinrich's ghost.

Vanquished Creatures
  2 adders (D:2)
  A worm (D:2)
  A ball python (D:2)
  A kobold (D:3)
  A giant newt (D:2)
  A goblin (D:2)
  3 rats (D:2)
10 creatures vanquished.

Notes
Turn   | Place    | Note
--------------------------------------------------------------
     0 | D:1      | Z4ng3tsu, the Vampire Monk, began the quest for the Orb.
     0 | D:1      | Reached XP level 1. HP: 17/17 MP: 1/1
    78 | D:1      | You fall through a shaft!
   135 | D:2      | Reached XP level 2. HP: 10/23 MP: 2/2
   458 | D:2      | Reached skill level 5 in Unarmed Combat
   466 | D:2      | Found a deep blue altar of Sif Muna.
   708 | D:2      | Reached XP level 3. HP: 28/28 MP: 3/3
   729 | D:2      | Found an ancient bone altar of Kikubaaqudgha.
   741 | D:2      | Became a worshipper of Kikubaaqudgha
   741 | D:2      | Acquired Kikubaaqudgha's first power
   741 | D:2      | Received a gift from Kikubaaqudgha
   741 | D:2      | Acquired Kikubaaqudgha's second power
   744 | D:2      | Identified Kikubaaqudgha's Reference Book on Stolen Souls (Kikubaaqudgha gifted it to you on level 2 of the Dungeon)
  1170 | D:3      | Noticed heinrich's ghost (average OpWr)
  1205 | D:3      | Learned a level 1 spell: Pain
  1269 | D:3      | Slain by heinrich's ghost

Action                   || total
-------------------------++-------
Melee: Unarmed           ||    52
Invok: Receive Corpses   ||     1
 Abil: End Transformatio ||     1
       Bat Form          ||     1
  Use: Scroll            ||     2
 Stab: Sleeping          ||     4
  Eat: Corpse            ||     2
